[ AOE2 MATCH · #473463552 ]
UnrankedKoreans vs Khmer
Player's team · LOSS
Rival team · WIN
[ REPLAY ANALYSIS · EXTRACTED FROM THE RECORDED GAME ]
Feudal
12:38
Castle
19:49
Imperial
—
| APM avg | 28.9 |
| APM peak | 65 |
| eAPM avg | 21.4 |
| Villagers / military | 82 / 76 |
Focus
⚔️ 25.1% · 🌾 74.9%
Spearman ×32 · Skirmisher ×17 · War Wagon ×9 · Cavalry Archer ×9 · Knight ×5 · Battering Ram ×4
Feudal
11:12
Castle
15:05
Imperial
—
| APM avg | 27.0 |
| APM peak | 83 |
| eAPM avg | 13.1 |
| Villagers / military | 57 / 48 |
Focus
⚔️ 22.5% · 🌾 77.5%
Ballista Elephant ×19 · Knight ×10 · Monk ×5 · Petard ×5 · Skirmisher ×3 · Battering Ram ×3
Match map
Initial resources + every placement click. Lines = walls · curves = elevation contours. ◆ gold · ⬟ stone · ● berries · ✦ relic · ◌ wall gap
Inputs per minute
— Michael Jordan - - Mono44
Build order — Michael Jordan
First 150 of 238 actions detected
| 0:00 | Create | Villager (Male) |
| 0:01 | Create | Villager (Male) |
| 0:01 | Create | Villager (Male) |
| 0:01 | Create | Villager (Male) |
| 0:04 | Build | House |
| 0:06 | Build | House |
| 1:30 | Create | Villager (Male) |
| 1:55 | Build | Lumber Camp |
| 2:07 | Create | Villager (Male) |
| 2:22 | Create | Villager (Male) |
| 2:22 | Create | Villager (Male) |
| 2:51 | Create | Villager (Male) |
| 3:11 | Create | Villager (Male) |
| 3:42 | Create | Villager (Male) |
| 4:01 | Build | House |
| 4:02 | Build | House |
| 4:12 | Create | Villager (Male) |
| 4:13 | Create | Villager (Male) |
| 4:18 | Build | Mill |
| 4:28 | Build | House |
| 4:38 | Create | Villager (Male) |
| 4:38 | Create | Villager (Male) |
| 5:01 | Create | Villager (Male) |
| 5:01 | Create | Villager (Male) |
| 5:06 | Create | Villager (Male) |
| 5:06 | Create | Villager (Male) |
| 5:33 | Create | Villager (Male) |
| 6:02 | Create | Villager (Male) |
| 6:03 | Create | Villager (Male) |
| 6:03 | Create | Villager (Male) |
| 6:20 | Create | Villager (Male) |
| 6:20 | Create | Villager (Male) |
| 7:11 | Create | Villager (Male) |
| 7:11 | Create | Villager (Male) |
| 7:39 | Create | Villager (Male) |
| 7:40 | Create | Villager (Male) |
| 7:40 | Create | Villager (Male) |
| 7:43 | Create | Villager (Male) |
| 7:44 | Research | Loom |
| 7:50 | Build | Lumber Camp |
| 9:15 | Build | Mining Camp |
| 9:31 | Build | House |
| 9:34 | Build | House |
| 9:39 | Research | Feudal Age |
| 10:04 | Build | Barracks |
| 10:18 | Build | Barracks |
| 10:28 | Create | Villager (Male) |
| 10:29 | Create | Villager (Male) |
| 10:29 | Create | Villager (Male) |
| 10:38 | Build | Mining Camp |
| 12:38 | Age | Feudal Age |
| 12:46 | Build | Blacksmith |
| 12:50 | Build | Market |
| 13:05 | Build | Farm |
| 13:08 | Build | Farm |
| 13:13 | Build | Farm |
| 13:41 | Research | Double-Bit Axe |
| 13:43 | Research | Horse Collar |
| 13:49 | Create | Villager (Male) |
| 13:50 | Create | Villager (Male) |
| 13:51 | Research | Wheelbarrow |
| 14:18 | Build | Mill |
| 14:27 | Build | Farm |
| 14:28 | Build | Farm |
| 14:50 | Create | Villager (Male) |
| 14:51 | Create | Villager (Male) |
| 15:01 | Build | Farm |
| 15:03 | Build | Farm |
| 16:13 | Create | Spearman |
| 17:09 | Research | Castle Age |
| 17:27 | Build | Watch Tower |
| 17:35 | Build | Watch Tower |
| 17:42 | Create | Spearman |
| 17:42 | Create | Spearman |
| 17:42 | Create | Spearman |
| 17:42 | Create | Spearman |
| 18:05 | Create | Spearman |
| 18:05 | Create | Spearman |
| 18:22 | Create | Villager (Male) |
| 18:29 | Build | Farm |
| 18:30 | Build | Farm |
| 18:33 | Build | Farm |
| 18:46 | Research | Gold Mining |
| 19:05 | Build | Barracks |
| 19:11 | Build | Stable |
| 19:13 | Build | Archery Range |
| 19:23 | Create | Spearman |
| 19:23 | Create | Spearman |
| 19:49 | Age | Castle Age |
| 19:54 | Research | Pikeman (upgrade) |
| 20:09 | Build | Castle |
| 20:33 | Build | Stone Wall |
| 20:52 | Create | Skirmisher |
| 20:52 | Create | Skirmisher |
| 20:52 | Create | Skirmisher |
| 20:55 | Create | Cavalry Archer |
| 20:55 | Create | Cavalry Archer |
| 20:55 | Create | Cavalry Archer |
| 20:55 | Create | Cavalry Archer |
| 21:58 | Create | Villager (Male) |
| 21:58 | Create | Villager (Male) |
| 21:58 | Create | Villager (Male) |
| 22:10 | Create | Villager (Male) |
| 22:11 | Create | Villager (Male) |
| 22:22 | Build | Farm |
| 22:27 | Build | Farm |
| 22:29 | Build | Farm |
| 22:39 | Build | Lumber Camp |
| 22:52 | Research | Bow Saw |
| 23:34 | Create | Villager (Male) |
| 23:34 | Create | Villager (Male) |
| 23:48 | Build | Town Center |
| 24:09 | Build | Farm |
| 24:14 | Research | Hand Cart |
| 24:31 | Build | Farm |
| 24:46 | Create | Cavalry Archer |
| 24:46 | Create | Cavalry Archer |
| 24:46 | Create | Cavalry Archer |
| 24:46 | Create | Cavalry Archer |
| 24:46 | Create | Cavalry Archer |
| 24:49 | Create | War Wagon |
| 24:50 | Create | War Wagon |
| 24:50 | Create | War Wagon |
| 24:50 | Create | War Wagon |
| 24:58 | Build | Siege Workshop |
| 25:18 | Build | Siege Workshop |
| 25:26 | Research | Stone Mining |
| 25:49 | Build | Castle |
| 26:34 | Build | Farm |
| 26:40 | Build | Castle |
| 26:50 | Create | War Wagon |
| 26:50 | Create | War Wagon |
| 26:50 | Create | War Wagon |
| 26:55 | Create | Spearman |
| 26:55 | Create | Spearman |
| 26:56 | Create | Spearman |
| 26:58 | Research | Arson |
| 26:59 | Research | Squires |
| 27:31 | Build | Stone Wall |
| 27:42 | Build | Stone Wall |
| 27:59 | Build | Farm |
| 28:18 | Create | Villager (Male) |
| 28:22 | Create | Villager (Male) |
| 28:22 | Create | Villager (Male) |
| 28:25 | Build | Farm |
| 28:59 | Create | Battering Ram |
| 28:59 | Create | Battering Ram |
| 29:23 | Research | Husbandry |
| 29:25 | Research | Heavy Plow |
| 29:28 | Create | Villager (Male) |
Build order — Mono44
First 150 of 151 actions detected
| 0:01 | Create | Villager (Male) ×4 |
| 0:04 | Build | House |
| 0:05 | Build | House |
| 1:43 | Create | Villager (Male) |
| 1:47 | Build | Lumber Camp |
| 1:59 | Create | Villager (Male) |
| 2:15 | Create | Villager (Male) |
| 2:45 | Create | Villager (Male) |
| 2:48 | Build | House |
| 2:49 | Build | House |
| 3:17 | Create | Villager (Male) |
| 4:29 | Create | Villager (Male) |
| 4:34 | Create | Villager (Male) |
| 4:43 | Create | Villager (Male) |
| 5:24 | Create | Villager (Male) |
| 5:38 | Create | Villager (Male) |
| 6:06 | Create | Villager (Male) |
| 6:38 | Create | Villager (Male) |
| 7:04 | Create | Villager (Male) |
| 7:53 | Build | Mill |
| 7:56 | Create | Villager (Male) |
| 8:37 | Create | Villager (Male) |
| 8:39 | Research | Feudal Age |
| 9:10 | Build | Mining Camp |
| 9:58 | Build | Farm |
| 10:03 | Build | Farm |
| 10:07 | Build | Farm |
| 11:00 | Build | Mining Camp |
| 11:12 | Age | Feudal Age |
| 11:30 | Build | Farm |
| 11:32 | Build | Farm |
| 11:35 | Create | Villager (Male) |
| 11:35 | Create | Villager (Male) |
| 11:50 | Build | House |
| 12:04 | Research | Castle Age |
| 13:39 | Build | Stable |
| 13:55 | Build | House |
| 13:57 | Build | House |
| 14:50 | Create | Scout Cavalry |
| 14:50 | Create | Scout Cavalry |
| 15:05 | Age | Castle Age |
| 15:15 | Research | Loom |
| 15:16 | Create | Villager (Male) |
| 15:16 | Create | Villager (Male) |
| 15:16 | Create | Villager (Male) |
| 15:55 | Create | Scout Cavalry |
| 16:17 | Create | Knight |
| 16:17 | Create | Knight |
| 16:33 | Build | Castle |
| 16:49 | Create | Villager (Male) |
| 16:49 | Create | Villager (Male) |
| 16:49 | Create | Villager (Male) |
| 16:55 | Build | Town Center |
| 17:21 | Create | Villager (Male) |
| 17:22 | Create | Villager (Male) |
| 17:22 | Create | Villager (Male) |
| 18:22 | Create | Petard |
| 18:23 | Create | Petard |
| 18:36 | Build | Archery Range |
| 18:51 | Create | Villager (Male) |
| 19:10 | Create | Skirmisher |
| 19:10 | Create | Skirmisher |
| 19:10 | Create | Skirmisher |
| 19:22 | Build | Mining Camp |
| 19:54 | Build | Farm |
| 19:58 | Create | Villager (Male) |
| 20:33 | Build | Castle |
| 21:01 | Create | Ballista Elephant |
| 22:18 | Build | Siege Workshop |
| 22:30 | Create | Ballista Elephant |
| 22:31 | Create | Ballista Elephant |
| 22:38 | Build | Farm |
| 22:45 | Build | Farm |
| 22:45 | Build | Farm |
| 22:45 | Build | Farm |
| 22:45 | Build | Farm |
| 22:46 | Build | Farm |
| 22:48 | Build | Farm |
| 23:21 | Build | Lumber Camp |
| 24:07 | Build | Farm |
| 24:12 | Create | Villager (Male) ×5 |
| 24:17 | Build | Lumber Camp |
| 25:12 | Create | Knight ×3 |
| 25:42 | Create | Ballista Elephant |
| 26:59 | Create | Ballista Elephant |
| 26:59 | Create | Ballista Elephant |
| 27:21 | Build | Farm |
| 27:22 | Build | Farm |
| 27:24 | Build | Farm |
| 27:26 | Build | Farm |
| 27:27 | Build | Farm |
| 27:32 | Research | Double-Bit Axe |
| 27:36 | Research | Horse Collar |
| 28:20 | Create | Ballista Elephant |
| 28:20 | Create | Ballista Elephant |
| 28:31 | Build | Town Center |
| 28:33 | Create | Villager (Male) ×2 |
| 28:39 | Create | Villager (Male) |
| 28:46 | Build | Farm |
| 28:46 | Build | Farm |
| 28:47 | Build | Farm |
| 28:47 | Build | Farm |
| 28:47 | Build | Farm |
| 28:47 | Build | Farm |
| 28:49 | Build | Farm |
| 28:50 | Build | Farm |
| 28:55 | Build | Farm |
| 28:56 | Build | Farm |
| 29:12 | Create | Battering Ram |
| 29:28 | Build | Monastery |
| 29:57 | Research | Town Watch |
| 30:00 | Research | Bow Saw |
| 30:07 | Research | Heavy Plow |
| 30:13 | Create | Villager (Male) ×3 |
| 30:25 | Create | Battering Ram |
| 30:36 | Create | Ballista Elephant |
| 30:39 | Create | Ballista Elephant |
| 30:46 | Create | Villager (Male) |
| 30:57 | Create | Monk |
| 30:57 | Create | Monk |
| 31:03 | Create | Villager (Male) |
| 31:04 | Create | Villager (Male) |
| 31:06 | Create | Villager (Male) |
| 31:45 | Create | Battering Ram |
| 32:01 | Create | Monk |
| 32:32 | Create | Petard |
| 32:32 | Create | Petard |
| 32:33 | Create | Petard |
| 32:46 | Create | Knight |
| 32:46 | Create | Knight |
| 35:02 | Create | Ballista Elephant |
| 35:02 | Create | Ballista Elephant |
| 35:03 | Create | Ballista Elephant |
| 35:03 | Create | Ballista Elephant |
| 37:22 | Build | Castle |
| 37:43 | Build | Monastery |
| 37:46 | Create | Ballista Elephant ×5 |
| 38:21 | Create | Monk |
| 38:21 | Create | Monk |
| 38:39 | Build | Siege Workshop |
| 38:51 | Create | Knight |
| 38:51 | Create | Knight |
| 38:52 | Create | Knight |
| 38:59 | Create | Villager (Male) ×5 |
| 39:03 | Create | Villager (Male) ×5 |
| 39:07 | Build | Mining Camp |
| 39:14 | Build | Lumber Camp |
| 39:16 | Build | Lumber Camp |
| 39:38 | Build | Barracks |
| 39:40 | Build | Barracks |
Match timeline
| 10:04 | Michael Jordan · first_building Barracks |
| 11:12 | Mono44 · age_up feudal |
| 12:38 | Michael Jordan · age_up feudal |
| 13:39 | Mono44 · first_building Stable |
| 15:05 | Mono44 · age_up castle |
| 16:33 | Mono44 · first_building Castle |
| 17:08 | Michael Jordan · first_market_buy 100 food |
| 18:36 | Mono44 · first_building Archery Range |
| 19:11 | Michael Jordan · first_building Stable |
| 19:13 | Michael Jordan · first_building Archery Range |
| 19:49 | Michael Jordan · age_up castle |
| 20:09 | Michael Jordan · first_building Castle |
| 20:33 | Michael Jordan · wall_segment Stone Wall x5 |
| 22:18 | Mono44 · first_building Siege Workshop |
| 24:58 | Michael Jordan · first_building Siege Workshop |
| 27:31 | Michael Jordan · wall_segment Stone Wall x2 |
| 27:42 | Michael Jordan · wall_segment Stone Wall x5 |
| 29:28 | Mono44 · first_building Monastery |
| 34:56 | Michael Jordan · first_market_sell 100 food |
| 39:38 | Mono44 · first_building Barracks |
| 40:19 | Michael Jordan · resign |
[ AI ANALYSIS · 1 CREDIT ]
What really happened in this match?
Wolo.gg analyzes every decision: build order, eco, micro, common mistakes by bracket. Personalized analysis on WhatsApp or Discord in 30 seconds.
Civ guide
Koreans
Perfil
Jugador #22651